 Dungeon Crawl Stone Soup version 0.29.0-4-gdea44cf6ec (webtiles) character file.

Game seed: 3835410329074413935

2028 PieDemon the Destroyer (level 9, 0/71 HPs)
             Began as a Meteoran Conjurer on Aug 27, 2022.
             Was an Initiate of Ashenzari.
             Slain by an unseen horror (9 damage)
             ... on level 8 of the Dungeon.
             The game lasted 00:26:02 (1657 turns).

PieDemon the Destroyer (Meteoran Conjurer)          Turns: 1657, Time: 00:26:02

Health: 0/71       AC:  2    Str: 10    XL:     9   Next: 76%
Magic:  12/16      EV: 16    Int: 24    God:    Ashenzari [......]
Gold:   234        SH:  5    Dex: 12    Spells: 5/16 levels left

rFire   + . .      SeeInvis .   c - staff of fire
rCold   + . .      Faith    .   n - +0 buckler
rNeg    . . .      Spirit   .   a - +0 robe
rPois   .          Reflect  .   (no helmet)
rElec   .          Harm     .   (no cloak)
rCorr   .          Rampage  .   (no gloves)
Will    +....                   (no boots)
Stlth   +.........              (no amulet)
HPRegen 0.21/turn               q - +4 ring of evasion
MPRegen 0.15/turn               w - ring of protection from cold

@: hasted, glowing, very quick
A: sense surroundings 2, otherworldly, glowing, explore regen
a: Renounce Religion


You were on level 8 of the Dungeon.
You worshipped Ashenzari.
Ashenzari was noncommittal.
You visited 2 branches of the dungeon, and saw 9 of its levels.
You also visited: Sewer.

You collected 234 gold pieces.

Inventory:

Hand Weapons
 t - a +2 flail of protection
Missiles
 m - 13 poisoned darts
 x - 3 throwing nets
Armour
 a - a +0 robe (worn)
 n - a +0 buckler (worn)
 z - +1 steam dragon scales
Magical Staves
 c - a staff of fire (weapon)
Jewellery
 q - a +4 ring of evasion (left hand)
 v - an amulet of guardian spirit
 w - a ring of protection from cold (right hand)
Wands
 u - a wand of quicksilver (7)
 y - a wand of roots (12)
Scrolls
 h - a scroll of butterflies
 s - a scroll of enchant weapon {unknown}
Potions
 b - a potion of magic
 e - 2 potions of cancellation
 f - a potion of flight {unknown}
 g - 4 potions of lignification
 j - 2 potions of haste
 k - a potion of resistance {unknown}
 l - 2 potions of mutation
 o - 2 potions of curing {unknown}
 r - a potion of heal wounds {unknown}


   Skills:
 - Level 4.0 Fighting
 - Level 4.0 Dodging
 - Level 1.4 Stealth
 - Level 4.0 Shields
 - Level 4.0 Spellcasting
 * Level 10.5 Conjurations
 - Level 4.0 Hexes
 - Level 4.0 Translocations
 - Level 4.0 Evocations


You had 5 spell levels left.
You knew the following spells:

 Your Spells              Type           Power      Damage    Failure   Level
a - Magic Dart            Conj           100%       1d8       1%          1
b - Searing Ray           Conj           100%       2d8       1%          2
c - Fulminant Prism       Conj/Hex       19%        3d11      6%          4
d - Iskenderun's Mystic   Conj/Tloc      39%        2d9       6%          4

Your spell library contained the following spells:

 Spells                   Type           Power      Damage    Failure   Level
 Dazzling Flash           Conj/Hex       78%        N/A       1%          3
 Beastly Appendage        Tmut           8%         N/A       12%         1
 Wereblood                Tmut           4%         N/A       19%         2
 Spider Form              Tmut/Pois      4%         N/A       36%         3


Dungeon Overview and Level Annotations

Branches:
Dungeon (8/15) Zot: 3478   Temple (1/1) D:5 Zot: 566    Lair (0/5) D:8
  Sewer (visited)

Altars:
Ashenzari
Cheibriados
Dithmenos
Elyvilon
Gozag
Makhleb
Nemelex Xobeh
Ru
Trog
Uskayaw
Vehumet
Wu Jian
The Shining One

Annotations:
D:3 exclusion: upstairs


Innate Abilities, Weirdness & Mutations

You passively map the area around you.
You are easily found by Zot.
You glow in the dark.
You regain HP and MP as you explore.


Message History

Training target 4.0 for Fighting reached!
Training target 4.0 for Evocations reached!
Your Fighting skill increases to level 4!
Your Conjurations skill increases to level 10!
Your Evocations skill increases to level 4!
Unknown command.
Unknown command.
Unknown command.
Unknown command.
Unknown command.
Unknown command.
Unknown command.
Unknown command.
Unknown command.
Unknown command.
Search for what [? for help]? sinv Can't find anything matching that.
Something barely misses your butterfly.
Your magical contamination has completely faded away.
Something barely misses your butterfly.
Casting: Fulminant Prism (dangerous; 6% risk of failure)
Confirm with . or Enter, or press ? or * to list all spells.
Aiming: Magic Dart (safe; 1% risk of failure)
Press: ? - help, Shift-Dir - straight line, f - butterfly
Aim: a butterfly (summoned, inner flame, friendly, 100% to hit)
Really fire at your butterfly? The magic dart hits your butterfly.
Flame seeps out of your butterfly.
Your butterfly is heavily wounded.
Your butterfly disappears in a burst of colours!
Unknown command.
Aiming: Fastroot
Press: ? - help, Shift-Dir - straight line The roots erupt in riotous growth!
You hear a shout!
Something hits you!
* * * LOW HITPOINT WARNING * * *
Unknown command.
Your butterfly disappears in a burst of colours!
Something hits you!
You die...

, ,* ,...#............# ** *
##..#.....#......# . * * ##
#...#....##......##.. , *
...#..#...#....##..b....... ,
......#....##..##b........# *
,, . #...............b.".......
,....#............#............
,
................####..#........
..............@### ####........
*......##.........###
,...>.....
......#...°.......... ..##.....
,,......#......###.......#
..... , ,.....§§§§##...#
........ ..### * ..##§§§.####.#
.... , , , , #§§).# *.#,,,...,
,, , ......§)#.# **.# ,... ,
.....).##... .. ,, ,,,, *


There were no monsters in sight!

Vanquished Creatures
  Maggie (D:7)
  A wyvern (D:8)
  A water moccasin (D:8)
  3 black bears
  A sky beast (D:7)
  An ogre (D:5)
  Blork the orc (D:5)
  4 bullfrogs
  3 wights (D:8)
  A howler monkey (D:5)
  A hound (D:4)
  2 gnoll boudas (D:7)
  4 orc priests
  3 orc wizards
  An iguana (D:5)
  4 adders
  8 gnolls (D:7)
  5 river rats
  A shadow imp (D:7)
  2 worms
  A dart slug (D:4)
  12 orcs
  5 endoplasms
  6 giant cockroaches
  A goblin (D:3)
  A hobgoblin (D:1)
  4 jackals
  6 quokkas
  6 ball pythons
  9 bats
  A frilled lizard (D:2)
  5 rats
105 creatures vanquished.

Vanquished Creatures (others)
  4 fulminant prisms (D:7)
4 creatures vanquished.

Grand Total: 109 creatures vanquished

Notes
Turn   | Place    | Note
-------+----------+-------------------------------------------
     0 | D:1      | PieDemon the Meteoran Conjurer began the quest for the Orb.
     0 | D:1      | Reached XP level 1. HP: 14/14 MP: 5/5
    63 | D:1      | Reached skill level 5 in Conjurations
    63 | D:1      | Reached XP level 2. HP: 20/20 MP: 1/6
    99 | D:2      | Learned a level 2 spell: Searing Ray
   280 | D:3      | Reached XP level 3. HP: 26/26 MP: 3/8
   303 | D:3      | Found a radiant altar of Vehumet.
   304 | D:3      | Found a shadowy altar of Dithmenos.
   352 | D:3      | Found a glowing drain.
   361 | D:3      | Reached XP level 4. HP: 28/33 MP: 0/10
   377 | Sewer    | Entered a sewer
   479 | Sewer    | Reached skill level 6 in Conjurations
   516 | Sewer    | Reached XP level 5. HP: 25/38 MP: 0/11
   770 | D:4      | Learned a level 4 spell: Fulminant Prism
   775 | D:4      | Learned a level 4 spell: Iskenderun's Mystic Blast
   942 | D:4      | Reached XP level 6. HP: 40/46 MP: 7/13
   958 | D:5      | Entered Level 5 of the Dungeon
   958 | D:5      | Noticed Blork the orc
   962 | D:5      | Killed Blork the orc
   963 | D:5      | Reached skill level 1 in Fighting
   963 | D:5      | Reached skill level 7 in Conjurations
   963 | D:5      | Reached skill level 1 in Hexes
   963 | D:5      | Reached skill level 1 in Translocations
   996 | D:5      | Reached skill level 1 in Shields
  1120 | D:5      | Noticed a black bear
  1120 | D:5      | Noticed a black bear
  1125 | D:5      | Killed a black bear
  1126 | D:5      | Reached XP level 7. HP: 52/52 MP: 8/14
  1250 | D:5      | Reached XP level 8. HP: 47/61 MP: 6/15
  1279 | D:5      | Reached skill level 8 in Conjurations
  1283 | D:5      | Found a staircase to the Ecumenical Temple.
  1292 | Temple   | Entered the Ecumenical Temple
  1308 | Temple   | Became a worshipper of Ashenzari the Shackled
  1428 | D:7      | Found a burning altar of Makhleb.
  1511 | D:7      | Noticed Maggie
  1521 | D:7      | Killed Maggie
  1522 | D:7      | Reached skill level 1 in Evocations
  1522 | D:7      | Gained mutation: You passively map the area around you.
                  | [Meteoran growth]
  1522 | D:7      | Reached XP level 9. HP: 57/68 MP: 0/16
  1583 | D:7      | Reached skill level 9 in Conjurations
  1652 | D:8      | Reached skill level 10 in Conjurations
  1657 | D:8      | Slain by an unseen horror

Illustrated notes

Levels and vault maps discovered:
D:1:      matt_arrival_spirals, layout_loops_ring
D:2:      layout_basic, amcnicky_mini_corridor_feature
D:3:      layout_basic, nicolae_yredelemnul_corpse_copse,
          gammafunk_temple_overflow_statue, chequers_ecumenical_altar_island,
          portal_sewer_entry_b
D:4:      layout_basic, uniq_sigmund, uniq_robin, uniq_duvessa
D:5:      layout_loops_cross, tgw_xom, minmay_temple_entry_antechambers,
          uniq_blork_the_orc
D:6:      gammafunk_steamed_eel, layout_basic, serial_curves, eino_curves_02,
          eino_curves_03, eino_curves_03, eino_curves_04,
          corexii_hall_statues_x, uniq_eustachio
D:7:      layout_cave_pools, mainiacjoe_overflow_catwalk, zin_treasury,
          serial_gnoll_camp, gnoll_camp_mini_hut, gnoll_camp_huts_moat,
          gnoll_camp_mini_hut, gnoll_camp_mini_loothouse, gammafunk_ghost_arena,
          uniq_maggie
D:8:      layout_cave_pools, lemuel_zombie_altar_kikubaaqudgha,
          nicolae_qazlal_eye_of_the_storm, lair_entry_dummy
Temple:   nicolae_temple_bog_church

Skill      XL: |  1  2  3  4  5  6  7  8  9 |
---------------+----------------------------+-----
Conjurations   | 5 6 7 8 10 | 10.5
Spellcasting   | 3 4 |  4.0
Dodging        | 3 4 |  4.0
Fighting       | 1 2 4 |  4.0
Hexes          | 1 2 3 4 |  4.0
Translocations | 1 2 3 4 |  4.0
Shields        | 1 2 3 4 |  4.0
Evocations     | 1 4 |  4.0
Stealth        | |  1.4

Action                   |  1- 3 |  4- 6 |  7- 9 || total
-------------------------+-------+-------+-------++-------
Melee: Staff             |     1 |    59 |       ||    60
 Cast: Magic Dart        |    31 |    60 |    43 ||   134
       Searing Ray       |     2 |     6 |    17 ||    25
       Fulminant Prism   |       |       |     4 ||     4
Evoke: Wand              |       |       |     3 ||     3
  Use: Potion            |       |     1 |     1 ||     2
       Scroll            |       |       |     5 ||     5
Armor: Robe              |     2 |    35 |     4 ||    41
Dodge: Dodged            |     3 |    61 |    37 ||   101
Block: Buckler           |       |       |    12 ||    12
